 Dungeon Crawl Stone Soup version 0.29-a0-362-g5854e031c7 (webtiles) character file.

Game seed: 2130161507064968705

84 Shayle the Sneak (level 4, -1/27 HPs)
             Began as a Tengu Brigand on Apr 30, 2022.
             Slain by Sigmund
             ... wielding a +0 scythe
              (11 damage)
             ... on level 2 of the Dungeon.
             The game lasted 00:05:59 (1941 turns).

Shayle the Sneak (Tengu Brigand)                    Turns: 1941, Time: 00:05:59

Health: -1/27      AC:  3    Str: 11    XL:     4   Next: 46%
Magic:  7/7        EV: 12    Int: 20    God:
Gold:   105        SH:  0    Dex: 15    Spells: 6/6 levels left

rFire   . . .      SeeInvis .   a - +2 dagger
rCold   . . .      Faith    .   (no shield)
rNeg    . . .      Spirit   .   b - +0 robe
rPois   .          Reflect  .   (helmet restricted)
rElec   .          Harm     .   c - +0 cloak
rCorr   .          Rampage  .   (no gloves)
Will    .....                   (boots unavailable)
Stlth   +.........              (no amulet)
HPRegen 0.09/turn               l - +6 ring of intelligence
MPRegen 0.10/turn               (no ring)

@: confused
A: beak, talons 3
a: no special abilities


You were on level 2 of the Dungeon.
You visited 1 branch of the dungeon, and saw 2 of its levels.

You collected 105 gold pieces.

Inventory:

Hand Weapons
 a - a +2 dagger (weapon)
 g - a +1 hand axe of flaming
Missiles
 d - 15 poisoned darts (quivered)
 e - a curare-tipped dart
Armour
 b - a +0 robe (worn)
 c - a +0 cloak (worn)
Jewellery
 l - a +6 ring of intelligence (left hand)
Scrolls
 f - 2 scrolls of noise {unknown}
 i - a scroll of enchant weapon {unknown}
 j - 3 scrolls of vulnerability {unknown}
Potions
 h - a potion of lignification {unknown}
 k - a potion of flight {unknown}


   Skills:
 + Level 2.8 Fighting
 - Level 2.1 Short Blades
 - Level 2.0 Throwing
 + Level 2.3 Dodging
 + Level 4.6 Stealth
 + Level 1.5 Spellcasting


You had 6 spell levels left.
You didn't know any spells.
Your spell library was empty.

Dungeon Overview and Level Annotations

Branches:
Dungeon (2/15)

Altars:

Annotations:
D:2 Sigmund


Innate Abilities, Weirdness & Mutations

You have a beak for a mouth.
You have claws for feet.


Message History

j - 3 scrolls labelled MATIRESHUTZE (gained 1) Sigmund the Dreaded comes into view.
He is wielding a +0 scythe.
Sigmund shouts!
Sigmund drinks a potion.
Sigmund's spells are empowered!
Throw: 3 darts (curare)
Press: ? - help, Q - select action, (/) - cycle Shift-Dir - straight line, f - Sigmund
Aim: Sigmund, wielding a +0 scythe and wearing a +0 robe (spells empowered, 57% to hit)
You throw a curare-tipped dart.
The curare-tipped dart barely misses Sigmund.
Throw: 2 darts (curare)
Press: ? - help, Q - select action, (/) - cycle Shift-Dir - straight line, f/p - Sigmund
Aim: Sigmund, wielding a +0 scythe and wearing a +0 robe (spells empowered, 57% to hit)
You throw a curare-tipped dart. The curare-tipped dart hits Sigmund.
Sigmund is poisoned.
Sigmund convulses.
Sigmund seems to slow down.
Sigmund is moderately wounded.
Sigmund mumbles some strange words.
Sigmund flickers and vanishes!
Deactivating autopickup; reactivate with Ctrl-A.
Throw: 15 darts (poison)
Press: ? - help, Q - select action, (/) - cycle Shift-Dir - straight line, f - you Really target yourself?
Okay, then.
There is a stone staircase leading up here.
You are confused.
You are more confused.
You hear some strange, mumbled words.
You are more confused.
Something hits you.
There is a stone staircase leading up here.
Something barely misses you.
You see here a hobgoblin skeleton.
Something hits you but does no damage.
There is a stone staircase leading up here.
Something hits you. Something hits you. Something hits you.
You completely miss something. Your peck misses something. Something hits you!
You die...

#..........##.########.
##........###..#....##.
#########>.....#####.#.......
#####..........................##
...#.................#####....###
.....................###......# #
...†...........÷.....#...###### #
###...........<........###
#.............@....###
#..................# ##
##.................# #######.
##................# #..<....
..####..#####....# #.......
#..###....# #....# ##..)....
###.......##.####....####........
#.........##....#......).........
...######..#....#....#####.......


There were no monsters in sight!

Vanquished Creatures
  A jelly (D:2)
  A worm (D:2)
  A dart slug (D:1)
  4 ball pythons (D:1)
  6 bats
  An endoplasm (D:1)
  3 giant cockroaches
  3 goblins
  7 hobgoblins
  3 jackals (D:1)
  3 quokkas (D:1)
  A ball python skeleton (D:2)
  A ball python zombie (D:2)
  A frilled lizard (D:2)
  5 kobolds (D:1)
  A rat (D:1)
42 creatures vanquished.

Vanquished Creatures (others)
  2 withered plants (D:2)
2 creatures vanquished.

Grand Total: 44 creatures vanquished

Notes
Turn   | Place    | Note
-------+----------+-------------------------------------------
     0 | D:1      | Shayle the Tengu Brigand began the quest for the Orb.
     0 | D:1      | Reached XP level 1. HP: 12/12 MP: 2/2
   315 | D:1      | Reached XP level 2. HP: 14/17 MP: 3/3
   634 | D:1      | Found a faded altar of an unknown god.
   887 | D:1      | Reached skill level 1 in Spellcasting
   887 | D:1      | Reached XP level 3. HP: 22/22 MP: 5/5
  1647 | D:2      | Reached XP level 4. HP: 20/27 MP: 5/7
  1899 | D:2      | Noticed Sigmund
  1941 | D:2      | Slain by Sigmund

Illustrated notes

Levels and vault maps discovered:
D:1:      dpeg_arrival_rhombi, layout_rooms,
          hellmonk_ecumenical_altar_prayer_group
D:2:      layout_rooms, serial_undead, serial_undead_b, serial_undead_d,
          serial_undead_c, serial_undead_d, uniq_sigmund

Skill      XL: |  1  2  3 |
---------------+----------+-----
Spellcasting   | 1 |  1.5
Dodging        | 2 |  2.3
Fighting       | |  2.8
Short Blades   | |  2.1
Throwing       | |  2.0
Stealth        | |  4.6

Action                   |  1- 3 |  4- 6 || total
-------------------------+-------+-------++-------
Melee: Dagger            |    85 |    10 ||    95
       Peck              |    15 |     3 ||    18
       Kick              |    19 |     1 ||    20
       Punch             |     1 |       ||     1
Throw: Dart              |       |     2 ||     2
 Stab: Sleeping          |     7 |       ||     7
Armor: Robe              |    15 |     3 ||    18
Dodge: Dodged            |    62 |     9 ||    71

Table legend: (Time is in decaauts)
 A = Elapsed time spent in this place.
 B = Non-inter-level travel time spent in this place.
 C = Inter-level travel time spent in this place.
 D = Time resting spent in this place.
 E = Time spent auto-exploring this place.
 F = Levels seen in this place.
 G = Mean time per level.
                   A        B        C        D        E       F      G
               +--------+--------+--------+--------+--------+-----+--------+
         Total |   1931 |   1884 |     47 |    294 |   1193 |   2 |  965.5 |
       Dungeon |   1931 |   1884 |     47 |    294 |   1193 |   2 |  965.5 |
               +--------+--------+--------+--------+--------+-----+--------+

Top non-repeatable levels by time:
     D:1: 1468 daAuts
     D:2: 463 daAuts
